Map: Year Zero LE

Players

Zanster - Winner!

  • Race: Zerg Zerg
  • Spawn Location: 1:00

Elazer

  • Race: Zerg Zerg
  • Spawn Location: 11:00

Event: 2019 WCS Spring

VOD

Have the link to the VOD?

Description

Time

  • Played on: May 17, 2019, 2:04 p.m.
  • Length: 7:32

All games in this series

Show
View Real Time Build Order
Export as new Build Order

Zanster Zerg - Winner!

Build Orders: Pool First 

Get SALT Encoding   

  12  0:00  Drone  
  13  0:13  Overlord  
  13  0:17  Drone  
  14  0:32  Drone x2  
  16  0:36  Drone  
  17  0:45  Spawning Pool  
  17  0:49  Drone  
  17  0:57  Drone  
  18  1:07  Drone  
  18  1:10  Extractor  
  18  1:17  Hatchery  
  17  1:20  Drone  
  18  1:29  Drone  
  18  1:32  Queen  
  19  1:39  Zergling x2  
  22  1:51  Overlord  
  22  2:09  Queen  
  22  2:10  Metabolic Boost  
  22  2:11  Drone x2  
  26  2:23  Drone  
  27  2:30  Drone  
  27  2:33  Drone  
  31  2:40  Drone  
  31  2:41  Drone x3  
  35  2:45  Drone  
  35  2:50  Baneling Nest  
  35  2:51  Overlord  
  33  2:56  Drone  
  34  3:02  Drone  
  35  3:09  Hatchery, Drone  
  35  3:19  Zergling x2  
  35  3:20  Zergling x10  
  35  3:22  Zergling x2  
  35  3:25  Zergling x2  
  42  3:28  Zergling x2  
  42  3:31  Overlord  
  43  3:37  Zergling x2  
  43  3:38  Baneling  
  43  3:39  Baneling  
  44  3:47  Evolution Chamber  
  43  4:02  Zergling x14  
  50  4:03  Overlord  
  50  4:08  Baneling x3  
  50  4:09  Baneling  
  50  4:13  Zergling x2  
  51  4:17  Extractor, Queen  
  51  4:20  Overlord  
  52  4:25  Drone x2  
  52  4:29  Zerg Melee Weapons Level 1  
  52  4:30  Drone x2  
  56  4:35  Drone  
  56  4:36  Drone  
  56  4:37  Drone x4  
  62  4:42  Overlord  
  59  4:47  Zergling x2  
  59  4:48  Zergling x2  
  59  4:49  Drone  
  61  5:05  Drone  
  61  5:06  Lair, Drone x2  
  64  5:07  Zergling x12  
  69  5:17  Drone  
  69  5:18  Drone x2  
  72  5:25  Overlord  
  72  5:32  Extractor  
  72  5:33  Extractor, Zergling x2  
  72  5:34  Zergling x18  
  79  5:44  Overlord  
  79  5:47  Zergling x6  
  82  5:52  Overlord  
  82  5:57  Baneling x2  
  82  6:03  Drone x8  
  90  6:04  Baneling x5  
  90  6:06  Overlord  
  90  6:15  Drone  
  90  6:18  Baneling x2  
  87  6:23  Drone, Spire  
  86  6:29  Baneling  
  86  6:30  Baneling  
  81  6:33  Zergling x8  
  81  6:34  Zergling x8  
  88  6:43  Zergling x14  
  88  6:47  Baneling x2  
  88  6:49  Zergling x6  
  88  6:54  Zergling x8  
  86  7:06  Baneling x2  
  85  7:10  Zergling x2  
  85  7:11  Zergling x4  
  81  7:29  Hatchery  
Show
View Real Time Build Order
Export as new Build Order

Elazer Zerg 

Build Orders: Hatch First, Zergling Baneling 

Get SALT Encoding   

  12  0:00  Drone  
  13  0:13  Overlord  
  13  0:17  Drone  
  14  0:31  Drone x2  
  16  0:50  Hatchery  
  16  0:53  Drone  
  16  0:57  Drone  
  17  1:00  Drone  
  18  1:11  Extractor  
  18  1:16  Spawning Pool  
  16  1:19  Drone  
  16  1:22  Drone  
  18  1:29  Drone  
  19  1:39  Drone  
  20  1:50  Drone  
  21  2:00  Overlord  
  21  2:02  Queen x2  
  21  2:03  Drone  
  26  2:13  Zergling x2  
  26  2:14  Drone  
  28  2:23  Zergling x2  
  28  2:24  Zergling x2  
  28  2:25  Metabolic Boost  
  30  2:34  Overlord  
  30  2:35  Drone  
  31  2:44  Overlord  
  31  2:52  Drone  
  31  2:54  Drone  
  31  2:55  Drone  
  34  3:03  Hatchery  
  33  3:06  Drone x2  
  33  3:10  Drone  
  33  3:11  Zergling x4  
  38  3:14  Zergling x2  
  38  3:17  Zergling x2  
  40  3:21  Overlord  
  40  3:27  Drone, Baneling Nest  
  40  3:30  Drone  
  40  3:31  Drone  
  42  3:39  Overlord  
  44  3:41  Drone x3  
  44  3:44  Drone  
  44  3:46  Drone  
  47  3:52  Drone  
  47  3:54  Evolution Chamber  
  47  3:58  Zergling x2  
  47  3:59  Zergling x6  
  51  4:04  Queen  
  53  4:10  Baneling x3  
  53  4:11  Zergling x4  
  53  4:15  Baneling  
  53  4:16  Zergling x2  
  53  4:17  Zergling x4  
  58  4:20  Zerg Melee Weapons Level 1  
  58  4:24  Overlord  
  58  4:29  Baneling x2  
  58  4:31  Baneling  
  58  4:34  Zergling x12  
  61  4:45  Overlord  
  61  4:46  Drone x5  
  61  4:49  Drone x2  
  61  4:51  Baneling x2  
  68  4:57  Overlord  
  68  4:59  Drone x2  
  70  5:02  Drone x3  
  73  5:07  Overlord  
  73  5:10  Queen  
  75  5:15  Drone x3  
  75  5:19  Drone x3  
  75  5:20  Drone  
  82  5:26  Overlord  
  82  5:28  Drone  
  83  5:30  Drone  
  83  5:32  Lair  
  84  5:36  Extractor x3  
  84  5:41  Overlord  
  81  5:46  Drone x3  
  81  5:48  Drone x4  
  87  5:53  Overlord  
  87  5:56  Hatchery  
  86  6:00  Zergling x10  
  86  6:03  Baneling x2  
  91  6:11  Overlord  
  91  6:13  Overlord  
  91  6:17  Zergling x2  
  78  6:21  Zergling x22  
  82  6:33  Zergling x6  
  82  6:37  Zergling x2  
  70  6:44  Zergling x4  
  70  6:46  Zergling x2  
  66  6:50  Zergling x6  
  67  6:57  Zergling x2  
  67  6:58  Zergling x2  
  64  7:02  Hydralisk Den  
  64  7:03  Zergling x2  
  64  7:05  Baneling x3  
  62  7:10  Zergling x2  
  62  7:14  Zergling x2  
  63  7:18  Baneling  
Tags
 
Add a new tag
Caveats
  • Supply blocks, unpowered buildings, or Contaminate may cause inaccurate times.
  • Supply counts are checked every 10 seconds.